 Dungeon Crawl Stone Soup version 0.19-a0-1720-gc855d72 (webtiles) character file.

259 KristoblXynda the Poker (level 5, -6/32 HPs)
             Began as a Centaur Gladiator on Sept 29, 2016.
             Killed by divine providence
             ... invoked by an orc priest
              (12 damage)
             ... on level 3 of the Dungeon.
             The game lasted 00:06:13 (2420 turns).

KristoblXynda the Poker (Centaur Gladiator)         Turns: 2420, Time: 00:06:14

Health: -6/32      AC: 11    Str: 18    XL:     5   Next: 94%
Magic:  5/5        EV: 10    Int:  8    God:
Gold:   91         SH:  0    Dex:  9    Spells: 0 memorised, 4 levels left

rFire  + . .     SeeInvis .     a - +1 trident
rCold  . . .     Gourm    .     b - +3 leather armour {rF+}
rNeg   . . .     Faith    .     (no shield)
rPois  .         Spirit   .     c - +0 helmet
rElec  .         Dismiss  .     h - +0 cloak
rCorr  .         Reflect  .     i - +0 pair of gloves
MR     .....     Harm     .     (no barding)
Stlth  ..........               (no amulet)
                                (no ring)
                                (no ring)

@: very quick
A: hooves 3, deformed body, speed 2, frail 2, tough skin 3, wild magic 1
a: no special abilities


You were on level 3 of the Dungeon.
You were very hungry.

You visited 1 branch of the dungeon, and saw 3 of its levels.

You collected 91 gold pieces.

Inventory:

Hand Weapons
 a - a +1 trident (weapon)
Missiles
 d - 2 throwing nets (quivered)
Armour
 b - a +3 leather armour of fire resistance (worn)
 c - a +0 helmet (worn)
 h - a +0 cloak (worn)
 i - a +0 pair of gloves (worn)
Wands
 u - a wand of confusion (34/48)
Scrolls
 k - a scroll of random uselessness {unknown}
Potions
 e - a potion of ambrosia
 g - a potion of might {unknown}
 l - a potion of haste
 p - a potion of flight
 q - a potion of agility
 r - a potion of brilliance {unknown}
 s - 2 potions of curing {unknown}
Comestibles
 f - 2 bread rations
 j - a slice of pizza


   Skills:
 - Level 2.0 Fighting
 * Level 5.2 Polearms
 - Level 2.1 Throwing
 + Level 3.3 Dodging


You had 4 spell levels left.
You didn't know any spells.

Dungeon Overview and Level Annotations

Branches:
Dungeon (3/15)

Altars:
Makhleb

Annotations:
D:3 Terence


Innate Abilities, Weirdness & Mutations

You have hooves in place of feet.
Armour fits poorly on your strangely shaped body.
You cover ground very quickly.
You have extremely tough skin. (AC +3)
You are very frail. (-20% HP)
Your spells are a little harder to cast, but a little more powerful.


Message History

Pain shoots through your body!
You barely miss the orc priest.
The orc priest is heavily wounded.
The orc priest calls down the wrath of Beogh upon you.
Pain shoots through your body!
* * * LOW HITPOINT WARNING * * *
The orc hits you but does no damage.
You barely miss the orc priest.
The orc priest is heavily wounded.
The orc priest invokes the aid of Beogh against you.
You barely resist. The orc misses you.
You puncture the orc priest!
The orc priest is almost dead.
You are feeling very hungry.
The orc priest closely misses you. The orc hits you with a short sword.
* * * LOW HITPOINT WARNING * * *
Terence looks scornfully at you.
The orc priest mumbles some strange prayers to Beogh against you.
Beogh smites you!
You die...

#.##.# #.#.....#.###
#.##.####.#.##.##.#
##)........#.......#
#<....##############**
#...###..o.ooooo# *.
#...###)#######.#####.
#.......@..@.....o....
#...###o#######.##)...
#..>.@oo......#@##.###
#...#########......)..
#...# #......... #.,,*
#......... #,,,*
#......... *,,,*
#......... *****
#......... #.........
#.........


You could see Terence, an orc priest and 2 orcs.

Vanquished Creatures
  A hound (D:2)
  Crazy Yiuf (D:3)
  Natasha (thrice) (D:2)
  A worker ant (D:3)
  2 adders
  3 worms
  A dart slug (D:1)
  7 orcs (D:3)
  A ball python (D:3)
  4 giant cockroaches
  5 goblins
  9 hobgoblins
  12 kobolds
  A quokka (D:2)
  10 bats
  3 frilled lizards
  6 rats
70 creatures vanquished.

Notes
Turn   | Place    | Note
-------+----------+-------------------------------------------
     0 | D:1      | KristoblXynda the Centaur Gladiator began the quest for the Orb.
     0 | D:1      | Reached XP level 1. HP: 17/17 MP: 1/1
   312 | D:1      | Reached skill level 3 in Polearms
   312 | D:1      | Reached XP level 2. HP: 7/24 MP: 2/2
   985 | D:1      | Reached XP level 3. HP: 29/29 MP: 3/3
  1200 | D:2      | Noticed Natasha
  1241 | D:2      | Killed Natasha
  1352 | D:2      | Found a burning altar of Makhleb.
  1366 | D:2      | Reached skill level 4 in Polearms
  1366 | D:2      | Reached XP level 4. HP: 33/36 MP: 4/4
  1449 | D:2      | Noticed Natasha
  1462 | D:2      | Killed Natasha
  1801 | D:2      | Reached XP level 5. HP: 35/41 MP: 5/5
  1904 | D:2      | Noticed Natasha
  1923 | D:2      | Killed Natasha
  1967 | D:3      | Gained mutation: You are frail. (-10% HP) [potion of mutation]
  1967 | D:3      | Gained mutation: Your spells are a little harder to cast, but a little more powerful. [potion of mutation]
  1967 | D:3      | Gained mutation: You are very frail. (-20% HP) [potion of mutation]
  2048 | D:3      | Found a runed door.
  2100 | D:3      | Noticed Crazy Yiuf
  2109 | D:3      | Killed Crazy Yiuf
  2109 | D:3      | Reached skill level 5 in Polearms
  2368 | D:3      | Noticed Terence
  2420 | D:3      | Killed from afar by an orc priest

Vault maps used:
D:1:      dpeg_arrival_castle
D:2:      makhleb_heckhound_becter, uniq_natasha
D:3:      nicolae_dithmenos_through_a_glass_darkly, ecumenical_altar_1,
          nrook_mini_vaults, uniq_crazy_yiuf_cottage, uniq_terence, uniq_grinder

Skill      XL: |  1  2  3  4  5 |
---------------+----------------+-----
Polearms       | 3 4 5 |  5.2
Dodging        | 3 |  3.3
Fighting       | |  2.0
Throwing       | |  2.1

Action                   |  1- 3 |  4- 6 || total
-------------------------+-------+-------++-------
Melee: Trident           |    92 |    69 ||   161
       Kick              |    17 |    38 ||    55
       Spear             |    41 |    97 ||   138
Throw: Throwing net      |     2 |       ||     2
  Use: Potion            |     1 |     2 ||     3
       Scroll            |       |     9 ||     9
 Stab: Held in net/web   |     1 |       ||     1
  Eat: Chunk             |     1 |     2 ||     3
Armor: Leather armour    |    43 |    77 ||   120
       Ring mail         |    13 |       ||    13
Dodge: Dodged            |    75 |    90 ||   165
